 Dungeon Crawl Stone Soup version 0.22-a0-448-g1fb7470 (webtiles) character file.

191342 grizmgrazm2 the Black Belt (level 18, -3/273 HPs)
             Began as a Merfolk Transmuter on June 4, 2018.
             Was the Champion of Wu Jian.
             Killed from afar by an ancient lich (32 damage)
             ... with a lance of force
             ... on level 1 of the Depths.
             The game lasted 02:20:32 (31190 turns).

grizmgrazm2 the Black Belt (Merfolk Transmuter)    Turns: 31190, Time: 02:20:34

Health: -3/273     AC: 24    Str: 21    XL:     18   Next: 19%
Magic:  0/33       EV: 26    Int: 14    God:    Wu Jian [******]
Gold:   1106       SH:  4    Dex: 22    Spells: 15/40 levels left

rFire    . . .     SeeInvis .     - Unarmed
rCold    + . .     Gourm    .   (no shield)
rNeg     + + .     Faith    .   (armour currently unavailable)
rPois    ∞         Spirit   +   (no helmet)
rElec    +         Reflect  +   E - scarf {Spirit}
rCorr    .         Harm     .   (gloves currently unavailable)
MR       +....                  (boots currently unavailable)
Stlth    ..........             b - +4 amulet of reflection
HPRegen  0.55/turn              G - ring of Happiness {rPois rC+ rN+ Dex+3}
MPRegen  0.23/turn              x - +4 ring of strength

@: berserking, statue-form, very slightly contaminated, hasted and slowed,
drained, very slow
A: (change form in water), (swift swim), (stealthy swim)
}: 1/15 runes: decaying
a: End Transformation, Wall Jump, Serpent's Lash, Heavenly Storm, Renounce
Religion


You were on level 1 of the Depths.
You worshipped Wu Jian.
Wu Jian was exalted by your worship.
You were hungry.
You were a stone statue.
You visited 5 branches of the dungeon, and saw 28 of its levels.

You collected 2546 gold pieces.
You spent 1440 gold pieces at shops.

Inventory:

Hand Weapons
 C - a +2 demon whip of draining
Missiles
 a - 653 arrows
Armour
 c - a +1 pair of boots (melded)
 f - a +4 troll leather armour (melded) {Purgy}
 E - a scarf of spirit shield (worn)
Jewellery
 b - a +4 amulet of reflection (around neck)
 g - an uncursed ring of protection from fire
 i - an uncursed ring of wizardry
 l - an uncursed ring of resist corrosion
 x - a +4 ring of strength (right hand)
 y - an uncursed ring of teleportation
 G - the ring of Happiness (left hand) {rPois rC+ rN+ Dex+3}
   (You found it on level 4 of the Lair of Beasts)

   [ring of positive energy]

   It affects your dexterity (+3).
   It protects you from cold.
   It protects you from poison.
   It protects you from negative energy.
 J - the ring of Undoing {+Blink +Fly rF- Str+10 Dex-3}
   (You found it on level 11 of the Dungeon)

   [ring of flight]

   It affects your strength (+10).
   It affects your dexterity (-3).
   It makes you vulnerable to fire.
   It lets you fly.
   It lets you blink.
Wands
 h - a wand of flame (68)
 p - a wand of paralysis (2)
 v - a wand of disintegration (7)
 w - a wand of iceblast (42)
 z - a wand of digging (41)
 F - a wand of acid (26)
 K - a wand of enslavement (10)
 N - a wand of scattershot (7)
 Q - a wand of polymorph (9)
Scrolls
 e - 5 scrolls of remove curse
 r - 3 scrolls of holy word
 s - 5 scrolls of teleportation
 t - 2 scrolls of fog
 u - a scroll of amnesia
 D - 2 scrolls of identify
 H - a scroll of fear
Potions
 n - 4 potions of brilliance
 q - a potion of flight
 A - a potion of resistance
 I - a potion of invisibility
 S - a potion of agility
Comestibles
 d - 48 rations
 j - 23 chunks of flesh


   Skills:
 * Level 12.1(12.0) Fighting
 + Level 14.5(14.3) Dodging
 + Level 8.6(8.4) Stealth
 + Level 19.9(19.7) Unarmed Combat
 + Level 11.5(11.4) Spellcasting
 + Level 16.1(16.0) Transmutations
 - Level 1.8(1.7) Ice Magic
 - Level 7.3(7.1) Earth Magic


You had 15 spell levels left.
You knew the following spells:

 Your Spells              Type           Power        Failure   Level  Hunger
a - Beastly Appendage     Tmut           ######       0%          1    None
b - Blade Hands           Tmut           ######....   1%          5    #####..
c - Ice Form              Ice/Tmut       ####....     2%          4    ###....
d - Sticks to Snakes      Tmut           ######..     1%          2    None
e - Dragon Form           Tmut           ######....   11%         7    #######
f - Statue Form           Tmut/Erth      #####....    12%         6    ######.

Your spell library contained the following spells:

 Spells                   Type           Power        Failure   Level  Hunger
 Cause Fear               Hex            #.........   65%         4    ###....
 Magic Dart               Conj           #...         9%          1    None
 Fireball                 Conj/Fire      #.........   94%         5    #####..
 Apportation              Tloc           #.....       9%          1    None
 Conjure Flame            Conj/Fire      #.......     26%         3    None
 Bolt of Fire             Conj/Fire      #.........   100%        6    ######.
 Slow                     Hex            #.......     14%         2    None
 Mephitic Cloud           Conj/Pois/Air  #.......     26%         3    None
 Ring of Flames           Chrm/Fire      #.........   100%        7    #######
 Summon Small Mammal      Summ           #...         9%          1    None
 Blink                    Tloc           N/A          14%         2    None
 Animate Skeleton         Necr           N/A          9%          1    None
 Call Imp                 Summ           #.......     14%         2    None
 Stone Arrow              Conj/Erth      ###...       6%          3    None
 Spider Form              Tmut/Pois      ####......   1%          3    None
 Confusing Touch          Hex            #.....       9%          1    None
 Passwall                 Tmut/Erth      #####...     1%          2    None
 Ignite Poison            Fire/Tmut/Pois ###.....     3%          3    None
 Corona                   Hex            #......      9%          1    None
 Lee's Rapid Deconstruct  Erth           ####......   13%         5    #####..
 Sandblast                Erth           ####..       1%          1    None
 Portal Projectile        Hex/Tloc       #.....       26%         3    None
 Petrify                  Tmut/Erth      #####...     1%          4    ###....
 Leda's Liquefaction      Hex/Erth       ###.......   21%         4    ###....
 Inner Flame              Hex/Fire       #.......     26%         3    None
 Hydra Form               Tmut           ######....   1%          6    ######.
 Irradiate                Conj/Tmut      ####......   10%         5    #####..
 Ignition                 Fire           #.........   100%        8    #######


Dungeon Overview and Level Annotations

Branches:
Dungeon (15/15)            Temple (0/1) D:7            Lair (6/6) D:10
  Swamp (4/4) Lair:2       Spider (0/4) Lair:3        Slime (0/5) Lair:6
    Orc (2/2) D:11            Elf (0/3) Orc:2        Vaults (0/5) D:14
 Depths (1/5) D:15

Altars:
Ashenzari
Dithmenos
Elyvilon
Fedhas
Hepliaklqana
Kikubaaqudgha
Makhleb
Okawaru
Qazlal
Ru
Trog
Uskayaw
Wu Jian
Xom
Zin
The Shining One
Beogh
Jiyva

Shops:
D:11 (   Orc:2 %!(}

Portals:
Pandemonium: Orc:2
Trove: D:11 (show slimy rune of Zot)

Annotations:
Lair:2 exclusion: 3 oklob plants


Message History

Something touches you but does no damage.
A red film seems to cover your vision as you go berserk!
You feel yourself moving faster!
You feel mighty!
The shadow dragon breathes negative energy at you.
The bolt of negative energy hits the shadow dragon.
The shadow dragon completely resists.
The bolt of negative energy hits the shadow dragon.
The shadow dragon completely resists.
The bolt of negative energy misses you.
The spectral tengu reaver hits you but does no damage.
The spectral tengu reaver misses you. x2
You hear some strange, mumbled words.
Something tries to affect you, but you resist.
You pummel something!! The spectral tengu reaver hits you.
* * * LOW HITPOINT WARNING * * *
The spectral tengu reaver completely misses you.
The spectral tengu reaver closely misses you.
You hear some strange, mumbled words.
A lance of force appears from out of thin air!
The lance of force hits you!
You die...

#...........# #.......O
#.........<.# #........
#........)[(# #........
#.........).######........
#.........((..............
#.........((.#............
#..........(#....#...#####
#............[[[[Z...#
.............)).8..2.#
............[...D.D..#
.............#####D..#
#...........## #V..#
#...........# #...#
#...........# #...#
#...........# #D..#
........# #...# .......
#...#


You could see 3 shadow dragons, a vampire knight, a blizzard demon and a
spectral tengu reaver.

Vanquished Creatures
  A sphinx (D:11)
  A shadow dragon (Depths:1)
  A tengu reaver (D:11)
  A thorn hunter (Swamp:4)
  2 frost giants (D:11)
  2 stone giants
  Nessos (Lair:6)
  A dire elephant (Lair:6)
  4 spark wasps (Depths:1)
  2 ettins
  Snorg (Orc:1)
  2 ogre magi
  A rakshasa (D:15)
  2 ghost crabs (Swamp:3)
  14 hydras
  A centaur warrior (D:13)
  3 catoblepae
  A death knight (D:15)
  18 two-headed ogres
  11 alligators
  A deep troll shaman (Lair:6)
  A deep troll earth mage (D:15)
  3 vampire magi
  17 death yaks
  2 tengu warriors
  Urug (D:11)
  8 orc high priests
  A shock serpent (shapeshifter) (D:11)
  3 hell knights
  6 skeletal warriors (D:15)
  3 spriggan druids
  4 deep trolls
  2 unseen horrors
  A shambling mangrove (Swamp:4)
  4 swamp dragons
  An infernal demonspawn (Orc:2)
  A mana viper (shapeshifter) (D:15)
  Pikel (D:5)
  A sphinx zombie (D:15)
  2 gelid demonspawn (Orc:2)
  29 ugly things
  4 necromancers
  A deep elf mage (D:14)
  5 orc knights
  An iron dragon zombie (D:15)
  3 manticores
  6 orc sorcerers
  2 cyclopes
  Maurice (D:11)
  5 centaur zombies
  An ice statue (Lair:4)
  14 elephants
  A rust devil (Orc:2)
  2 black mambas (Lair:6)
  2 torpor snails
  3 gargoyles
  15 spiny frogs
  4 yaktaurs (Depths:1)
  An efreet (D:13)
  2 kobold demonologists (D:15)
  7 rime drakes (Lair:4)
  3 freezing wraiths (D:15)
  A yaktaur (shapeshifter) (D:15)
  2 red devils (Orc:2)
  12 komodo dragons
  2 ice devils
  6 polar bears
  4 trolls
  7 hornets
  7 tyrant leeches
  7 bog bodies
  3 dream sheep (Lair:5)
  10 blink frogs
  A deep troll zombie (D:15)
  21 slime creatures
  A meliai zombie (D:14)
  3 shadows
  13 hippogriffs
  13 wyverns
  A wraith (D:15)
  2 redbacks (Lair:3)
  A tarantella (shapeshifter) (D:15)
  A ynoxinul (Orc:2)
  A human (D:8)
  3 basilisks
  3 spriggans
  13 vampire mosquitoes
  44 yaks
  2 wargs (Orc:2)
  Edmund (D:5)
  13 swamp worms
  13 insubstantial wisps
  3 acid dragons
  17 water moccasins
  8 porcupines
  Purgy (D:3)
  3 slaves (D:5)
  4 sky beasts
  A sky beast (shapeshifter) (D:15)
  13 ice beasts
  6 black bears
  35 orc warriors
  A necrophage (D:13)
  9 swamp drakes
  A meliai simulacrum (D:15)
  2 phantoms
  17 centaurs
  13 ogres
  5 wolves (Lair:6)
  10 crocodiles
  3 big kobolds
  A yaktaur zombie (D:15)
  20 bullfrogs
  4 scorpions
  A wyvern skeleton (D:14)
  13 killer bees
  6 wights
  3 electric eels
  9 crimson imps
  6 lava snakes (D:11)
  2 bullfrog zombies
  4 bullfrog skeletons
  5 centaur skeletons
  5 hounds
  A quasit (D:14)
  39 orc priests
  Crazy Yiuf (D:5)
  30 orc wizards
  Ijyb (D:5)
  3 iguanas
  7 worker ants
  14 adders
  9 gnolls (D:4)
  3 shadow imps
  An ooze (D:1)
  An adder skeleton (D:7)
  A worm (D:3)
  A worm (shapeshifter) (D:13)
  3 dart slugs
  3 leopard geckos
  137 orcs
  8 bats
  7 giant cockroaches
  2 goblins
  8 hobgoblins
  3 jackals (D:2)
  14 kobolds
  2 quokkas
  2 ball pythons
  3 frilled lizards
  A leopard gecko skeleton (D:8)
  5 rats
  A fungus (D:5)
  2 withered plants (D:15)
1000 creatures vanquished.

Vanquished Creatures (others)
  3 hydras (Swamp:3)
  An alligator (Swamp:1)
  2 swamp dragons (Swamp:4)
  A bog body (Swamp:1)
  A shadow (Swamp:1)
  An insubstantial wisp (Swamp:1)
  A swamp drake (Swamp:3)
  An iguana (D:5)
  An adder (D:2)
  9 briar patches (Swamp:4)
  9 fungi
  22 plants
  2 withered plants (D:15)
54 creatures vanquished.

Grand Total: 1054 creatures vanquished

Notes
Turn   | Place    | Note
-------+----------+-------------------------------------------
     0 | D:1      | grizmgrazm2 the Merfolk Transmuter began the quest for the Orb.
     0 | D:1      | Reached XP level 1. HP: 15/15 MP: 3/3
   259 | D:1      | Reached XP level 2. HP: 18/21 MP: 5/5
   574 | D:1      | Found a shimmering altar of Xom.
  1069 | D:2      | Found a burning altar of Makhleb.
  1075 | D:2      | Reached skill level 4 in Unarmed Combat
  1075 | D:2      | Reached XP level 3. HP: 26/26 MP: 6/6
  1345 | D:2      | Reached XP level 4. HP: 32/32 MP: 5/7
  2252 | D:2      | Reached skill level 5 in Unarmed Combat
  2610 | D:3      | Noticed Purgy
  2628 | D:3      | Killed Purgy
  2628 | D:3      | Reached XP level 5. HP: 16/38 MP: 3/9
  2785 | D:3      | Reached XP level 6. HP: 44/44 MP: 10/10
  2962 | D:3      | Learned a level 5 spell: Blade Hands
  3378 | D:4      | Noticed a phantom
  3411 | D:4      | Killed a phantom
  3411 | D:4      | Reached skill level 6 in Unarmed Combat
  3411 | D:4      | Reached XP level 7. HP: 50/51 MP: 8/11
  3940 | D:4      | Reached skill level 5 in Transmutations
  4030 | D:4      | Found an iron altar of Okawaru.
  4620 | D:5      | Entered Level 5 of the Dungeon
  4776 | D:5      | Reached skill level 5 in Dodging
  4801 | D:5      | Noticed Pikel
  4833 | D:5      | Killed Pikel
  4833 | D:5      | Reached skill level 7 in Unarmed Combat
  4833 | D:5      | Reached XP level 8. HP: 10/58 MP: 2/13
  5016 | D:5      | Noticed Edmund
  5053 | D:5      | Killed Edmund
  5081 | D:5      | Noticed Ijyb
  5115 | D:5      | Killed Ijyb
  5565 | D:5      | Found a burning altar of Makhleb.
  5571 | D:5      | Found a glowing silver altar of Zin.
  5572 | D:5      | Found a blossoming altar of Fedhas.
  5795 | D:5      | Found an ornate altar of the Wu Jian Council.
  5845 | D:6      | Reached XP level 9. HP: 59/65 MP: 12/15
  5867 | D:5      | Became a worshipper of the Wu Jian Council
  5941 | D:5      | Found a runed door.
  5945 | D:5      | Noticed Crazy Yiuf
  5949 | D:5      | Killed Crazy Yiuf
  6254 | D:6      | Found a bloodstained altar of Trog.
  6396 | D:6      | Reached skill level 8 in Unarmed Combat
  6745 | D:7      | Identified a scroll of acquirement
  6746 | D:7      | Got a fine ring mail
  6757 | D:7      | Identified the +4 ring mail of Miracles {rElec Str+5 Dex-3} (You acquired it on level 7 of the Dungeon)
  6792 | D:7      | Found a white marble altar of Elyvilon.
  7206 | D:7      | Found a hazy altar of Hepliaklqana.
  7378 | D:7      | Found a bloodstained altar of Trog.
  7378 | D:7      | Found a shadowy altar of Dithmenos.
  7379 | D:7      | Found a sacrificial altar of Ru.
  7492 | D:7      | Reached skill level 5 in Fighting
  7696 | D:7      | Found a staircase to the Ecumenical Temple.
  7701 | D:7      | Found a shimmering altar of Xom.
  7701 | D:7      | Found a hide-covered altar of Uskayaw.
  7701 | D:7      | Found a shimmering altar of Xom.
  7701 | D:7      | Found an ornate altar of the Wu Jian Council.
  7702 | D:7      | Found a glowing golden altar of the Shining One.
  7702 | D:7      | Found a sacrificial altar of Ru.
  7703 | D:7      | Found an iron altar of Okawaru.
  7703 | D:7      | Found an ancient bone altar of Kikubaaqudgha.
  7703 | D:7      | Found a shattered altar of Ashenzari.
  7746 | D:7      | Reached skill level 9 in Unarmed Combat
  7949 | D:8      | Reached * piety under Wu Jian
  7949 | D:8      | Reached skill level 5 in Spellcasting
  7976 | D:8      | Reached XP level 10. HP: 74/74 MP: 8/17
  8028 | D:8      | Noticed a two-headed ogre
  8038 | D:8      | Killed a two-headed ogre
  8038 | D:8      | Reached skill level 10 in Transmutations
  8186 | D:8      | Noticed a two-headed ogre
  8192 | D:8      | Killed a two-headed ogre
  8200 | D:8      | Reached skill level 10 in Unarmed Combat
  8205 | D:8      | Reached ** piety under Wu Jian
  8882 | D:8      | Found a roughly hewn altar of Beogh.
  8927 | D:8      | Reached *** piety under Wu Jian
  9032 | D:9      | Noticed a two-headed ogre
  9044 | D:9      | Killed a two-headed ogre
  9044 | D:9      | Reached XP level 11. HP: 25/83 MP: 2/20
  9215 | D:9      | Reached skill level 11 in Unarmed Combat
 10209 | D:10     | Entered Level 10 of the Dungeon
 10333 | D:10     | Noticed a two-headed ogre
 10337 | D:10     | Killed a two-headed ogre
 10583 | D:10     | Killed an unseen horror
 10741 | D:10     | Noticed a two-headed ogre
 10748 | D:10     | Killed a two-headed ogre
 10748 | D:10     | Reached **** piety under Wu Jian
 10903 | D:10     | Found a staircase to the Lair.
 11252 | Lair:1   | Entered Level 1 of the Lair of Beasts
 11259 | Lair:1   | Reached skill level 12 in Unarmed Combat
 11479 | Lair:1   | Reached XP level 12. HP: 73/89 MP: 15/23
 11797 | Lair:1   | Reached skill level 10 in Dodging
 11908 | Lair:1   | Noticed a four-headed hydra
 12079 | Lair:2   | Reached skill level 13 in Unarmed Combat
 12162 | Lair:2   | Found a staircase to the Swamp.
 12191 | Lair:2   | Reached ***** piety under Wu Jian
 12578 | Lair:2   | Noticed a catoblepas
 12590 | Lair:2   | Killed a catoblepas
 13024 | Lair:3   | Reached skill level 14 in Unarmed Combat
 13178 | Lair:3   | Learned a level 4 spell: Ice Form
 13187 | Lair:3   | Found a hole to the Spider Nest.
 13423 | Lair:3   | Reached XP level 13. HP: 86/96 MP: 18/25
 14639 | Lair:4   | Reached skill level 15 in Unarmed Combat
 14662 | Lair:4   | Reached skill level 1 in Stealth
 15398 | Lair:4   | Reached skill level 16 in Unarmed Combat
 15749 | Lair:4   | Reached XP level 14. HP: 50/103 MP: 8/27
 15892 | Lair:4   | Reached skill level 1 in Ice Magic
 15911 | Lair:4   | Got a heavily runed amber ring
 15913 | Lair:4   | Identified the ring of Happiness {rPois rC+ rN+ Dex+3} (You found it on level 4 of the Lair of Beasts)
 16217 | Lair:5   | Learned a level 2 spell: Sticks to Snakes
 17036 | Lair:6   | Entered Level 6 of the Lair of Beasts
 17390 | Lair:6   | Reached ****** piety under Wu Jian
 17905 | Lair:6   | Reached skill level 17 in Unarmed Combat
 17978 | Lair:6   | Noticed Nessos
 18184 | Lair:6   | Killed Nessos
 18633 | Lair:6   | Noticed a dire elephant
 18930 | Lair:6   | Killed a dire elephant
 19112 | Lair:6   | Found a viscous altar of Jiyva.
 19113 | Lair:6   | Found a staircase to the Slime Pits.
 19462 | D:11     | Reached XP level 15. HP: 113/113 MP: 19/28
 19670 | D:11     | Found a staircase to the Orcish Mines.
 19865 | D:11     | Noticed Urug
 19868 | D:11     | Killed Urug
 20007 | D:11     | Found Liremok's Weapon Emporium.
 20035 | D:11     | Reached skill level 18 in Unarmed Combat
 20055 | D:11     | Noticed a sphinx
 20061 | D:11     | Killed a sphinx
 20149 | D:11     | Reached skill level 10 in Spellcasting
 20150 | D:11     | Noticed Maurice
 20152 | D:11     | Killed Maurice
 20201 | D:11     | Noticed a tengu reaver
 20206 | D:11     | Killed a tengu reaver
 20207 | D:11     | Noticed a frost giant
 20213 | D:11     | Killed a frost giant
 20407 | D:11     | Found a portal to a secret trove of treasure.
 20458 | D:11     | Got a vibrating jade ring
 20557 | D:11     | Noticed a frost giant
 20564 | D:11     | Killed a frost giant
 20817 | D:11     | Learned a level 7 spell: Dragon Form
 20824 | D:11     | Learned a level 6 spell: Statue Form
 20896 | Orc:1    | Entered Level 1 of the Orcish Mines
 20907 | Orc:1    | Noticed Snorg
 20920 | Orc:1    | Killed Snorg
 20920 | Orc:1    | Reached skill level 1 in Earth Magic
 21339 | Orc:2    | Entered Level 2 of the Orcish Mines
 21350 | Orc:2    | Got a translucent scale mail
 21437 | Orc:2    | Found Dorumul's Food Emporium.
 21440 | Orc:2    | Found Xasist Jeka's Distillery.
 21838 | Orc:2    | Found Nuisin's Food Boutique.
 21851 | Orc:2    | Bought a ration for 50 gold pieces
 21851 | Orc:2    | Bought a ration for 50 gold pieces
 21851 | Orc:2    | Bought a ration for 50 gold pieces
 21851 | Orc:2    | Bought a ration for 50 gold pieces
 21851 | Orc:2    | Bought a ration for 50 gold pieces
 21851 | Orc:2    | Bought a ration for 50 gold pieces
 21851 | Orc:2    | Bought a ration for 50 gold pieces
 21851 | Orc:2    | Bought a ration for 50 gold pieces
 21851 | Orc:2    | Bought a ration for 50 gold pieces
 21851 | Orc:2    | Bought a ration for 50 gold pieces
 21851 | Orc:2    | Bought a ration for 50 gold pieces
 21851 | Orc:2    | Bought a ration for 50 gold pieces
 21870 | Orc:2    | Found a roughly hewn altar of Beogh.
 21978 | Orc:2    | Found a staircase to the Elven Halls.
 22240 | Orc:2    | Bought a ration for 55 gold pieces
 22240 | Orc:2    | Bought a ration for 55 gold pieces
 22240 | Orc:2    | Bought a ration for 55 gold pieces
 22240 | Orc:2    | Bought a ration for 55 gold pieces
 22240 | Orc:2    | Bought a ration for 55 gold pieces
 22240 | Orc:2    | Bought a ration for 55 gold pieces
 22240 | Orc:2    | Bought a ration for 55 gold pieces
 22240 | Orc:2    | Bought a ration for 55 gold pieces
 22244 | Orc:2    | Bought a potion of haste for 160 gold pieces
 22244 | Orc:2    | Bought a potion of curing for 48 gold pieces
 22244 | Orc:2    | Bought a potion of curing for 48 gold pieces
 22244 | Orc:2    | Bought a potion of might for 64 gold pieces
 22244 | Orc:2    | Bought a potion of berserk rage for 80 gold pieces
 22405 | Orc:2    | Reached skill level 5 in Earth Magic
 22547 | Orc:2    | Reached XP level 16. HP: 111/122 MP: 18/30
 22682 | Orc:2    | Found Efusist's Gadget Boutique.
 22682 | Orc:2    | Found a one-way gate leading to the halls of Pandemonium.
 22682 | Orc:2    | Found Ukhos's Antique Weapon Shop.
 24000 | D:13     | Reached skill level 10 in Fighting
 24068 | D:13     | Paralysed by a hornet for 1 turns
 24765 | D:14     | Found a stormy altar of Qazlal.
 24802 | D:14     | Paralysed by an ogre mage for 5 turns
 24848 | D:14     | Found a gate to the Vaults.
 25128 | D:15     | Entered Level 15 of the Dungeon
 25253 | D:15     | Reached skill level 5 in Stealth
 25305 | D:15     | Identified the ring of Undoing {+Blink +Fly rF- Str+10 Dex-3} (You found it on level 11 of the Dungeon)
 25433 | D:15     | Reached skill level 15 in Transmutations
 25438 | D:15     | Found a staircase to the Depths.
 25783 | D:15     | Reached skill level 19 in Unarmed Combat
 26051 | D:15     | Reached XP level 17. HP: 102/129 MP: 24/31
 26248 | Depths:1 | Entered Level 1 of the Depths
 26390 | D:15     | Identified the +5 scale mail of Sidghismy {rElec rF+ Stlth+} (You acquired it on level 2 of the Orcish Mines)
 26565 | Swamp:1  | Entered Level 1 of the Swamp
 29125 | Swamp:4  | Entered Level 4 of the Swamp
 29527 | Swamp:4  | Got a decaying rune of Zot
 30829 | Depths:1 | Reached XP level 18. HP: 122/140 MP: 23/33
 31157 | Depths:1 | Noticed an ancient lich
 31181 | Depths:1 | Paralysed by a vampire knight for 5 turns
 31190 | Depths:1 | Killed from afar by an ancient lich

Vault maps used:
D:1:      minmay_arrival_checkered_box, grunt_decor_fettered, xom_teletrap_fun
D:2:      minmay_diamond_boxcup, makhleb_blood_cavern_becter
D:3:      grunt_ministairs_15, minmay_misc_feat_hallway, uniq_purgy
D:4:      first_ration, okawaru_altar_gauntlet_db
D:5:      nicolae_overflow_hidden_temple, minitemple, minivault_26, uniq_pikel,
          uniq_edmund, uniq_crazy_yiuf_cottage, uniq_ijyb
D:6:      bloody_trog
D:7:      lemuel_coloured_pillars_altar, lemuel_doored_altar, temple_doors_ab
D:8:      special_room, grunt_pizzeria, minmay_crystal_water
D:10:     lair_entry_dummy
D:11:     minmay_tearing_corner, hiddenorc2_lemuel,
          nicolae_trove_entry_free_sample, serial_shops,
          nicolae_shop_behind_doors, kennysheep_boxes, uniq_urug, uniq_maurice
D:14:     david_vaults_2, basic_altar, kennysheep_doodads
D:15:     gammafunk_depths_entry_grave, grunt_ministairs_9
Lair:1:   st_stairs_5
Lair:2:   minmay_swamp_entry_swarm, lemuel_fruit_fields,
          minmay_lair_oklob_chamber
Lair:3:   spider_nest_entry_webs
Lair:4:   special_room, ice2_lemuel, serial_bayou_shore_a
Lair:6:   grunt_lair_end_beastmaster, dpeg_slime_entry_enclosed_altar,
          serial_bayou_pond_c, st_stairs_8, serial_bayou_shore_b,
          serial_bayou_shore_b, uniq_nessos
Swamp:1:  infiniplex_staircase_pool
Swamp:2:  nicolae_swamp_very_dense_foliage
Swamp:3:  serial_swamp_ruin, evilmike_swamp_ruin_house_6,
          evilmike_swamp_ruin_house_4, hangedman_swamp_diagram
Swamp:4:  swamp_alternative
Orc:1:    uniq_snorg
Orc:2:    pf_orc_diabolical, serial_shops, shop, basic_altar
Depths:1: due_chaos_kobolds, special_room, lightli_too_deep,
          kennysheep_generic_room_14, serial_bayou_shore_b

Skill      XL: |  1  2  3  4  5  6  7  8  9 10 11 12 13 14 15 16 17 18 |
---------------+-------------------------------------------------------+-----
Dodging        | 3 4 5 6 7 8 9 10 11 12 13 14 | 14.5
Unarmed Combat | 4 5 6 7 9 10 12 14 16 17 18 19 | 19.9
Transmutations | 3 4 6 7 9 11 12 13 14 15 16 | 16.1
Spellcasting   | 3 4 5 6 7 8 9 10 11 | 11.5
Fighting       | 2 3 4 5 6 7 9 10 11 12 | 12.1
Stealth        | 2 3 6 8 |  8.6
Ice Magic      | 1 |  1.8
Earth Magic    | 6 7 |  7.3

Action                   |  1- 3 |  4- 6 |  7- 9 | 10-12 | 13-15 | 16-18 || total
-------------------------+-------+-------+-------+-------+-------+-------++-------
Melee: Unarmed           |    94 |   217 |   446 |   567 |  1029 |  1055 ||  3408
       Punch             |     1 |     5 |    17 |    46 |   103 |   111 ||   283
       Headbutt          |       |    10 |    53 |    57 |    60 |    53 ||   233
       Tailslap          |       |       |       |       |       |    11 ||    11
       Bite              |       |       |       |       |       |     5 ||     5
 Cast: Beastly Appendage |       |     6 |    26 |    38 |    34 |    30 ||   134
       Blade Hands       |       |       |     8 |    25 |    45 |     3 ||    81
       Ice Form          |       |       |       |       |    10 |    11 ||    21
       Sticks to Snakes  |       |       |       |       |     2 |       ||     2
       Statue Form       |       |       |       |       |       |    32 ||    32
       Dragon Form       |       |       |       |       |       |     2 ||     2
Invok: Lunge             |       |       |    12 |    31 |    73 |    67 ||   183
       Whirlwind         |       |       |     1 |     7 |    42 |    20 ||    70
       Wall Jump         |       |       |       |     9 |    16 |     5 ||    30
 Abil: Breathe Fire      |       |       |       |       |       |     1 ||     1
Evoke: Wand              |       |       |     1 |       |       |       ||     1
  Use: Scroll            |       |     5 |    14 |    12 |    19 |    18 ||    68
       Potion            |       |       |     4 |     6 |    22 |    12 ||    44
 Stab: Sleeping          |     2 |     4 |       |     3 |     1 |    16 ||    26
       Distracted        |       |       |       |       |     3 |     1 ||     4
       Petrifying        |       |       |       |       |     1 |       ||     1
       Petrified         |       |       |       |       |     1 |       ||     1
  Eat: Chunk             |     1 |     7 |     7 |    24 |    27 |    28 ||    94
       Ration            |       |       |     3 |     1 |     5 |     6 ||    15
Armor: Robe              |    23 |     9 |       |       |       |       ||    32
       Troll leather arm |       |    10 |    27 |    37 |    66 |    36 ||   176
       Skin              |       |       |       |       |    13 |   420 ||   433
Dodge: Dodged            |    67 |   192 |   379 |   472 |   806 |  1445 ||  3361
Block: Other             |       |       |       |       |       |   167 ||   167
       Reflection        |       |       |       |       |       |     1 ||     1

Table legend:
 A = Spawn XP
 B = Non-spawn XP
 C = Spawn XP percentage of total XP
 D = Spawn monster count
 E = Non-spawn monster count
 F = Spawn count percentage of total count
 G = Total turns spent on level
                    A         B        C        D         E        F      G
               +---------+---------+-------+---------+---------+-------+---------
         Total |       0 |  258355 |   0.0 |       0 |    1000 |   0.0 | 31190
               +---------+---------+-------+---------+---------+-------+---------
           D:1 |       0 |      30 |   0.0 |       0 |      14 |   0.0 |  1064
           D:2 |       0 |     125 |   0.0 |       0 |      22 |   0.0 |  1495
           D:3 |       0 |     220 |   0.0 |       0 |      20 |   0.0 |   714
           D:4 |       0 |     539 |   0.0 |       0 |      26 |   0.0 |  1347
           D:5 |       0 |    1300 |   0.0 |       0 |      19 |   0.0 |  1330
           D:6 |       0 |     393 |   0.0 |       0 |       7 |   0.0 |   764
           D:7 |       0 |    1541 |   0.0 |       0 |      27 |   0.0 |  1221
           D:8 |       0 |    4435 |   0.0 |       0 |      72 |   0.0 |  1053
           D:9 |       0 |    2989 |   0.0 |       0 |      30 |   0.0 |  1221
          D:10 |       0 |    4101 |   0.0 |       0 |      21 |   0.0 |  1115
          D:11 |       0 |   21746 |   0.0 |       0 |      80 |   0.0 |  1567
          D:12 |       0 |    5206 |   0.0 |       0 |      42 |   0.0 |  1036
          D:13 |       0 |    4879 |   0.0 |       0 |      34 |   0.0 |   680
          D:14 |       0 |    7915 |   0.0 |       0 |      24 |   0.0 |   869
          D:15 |       0 |   39159 |   0.0 |       0 |      77 |   0.0 |  1465
        Lair:1 |       0 |    6394 |   0.0 |       0 |      31 |   0.0 |  1269
        Lair:2 |       0 |    7513 |   0.0 |       0 |      27 |   0.0 |  1221
        Lair:3 |       0 |   10007 |   0.0 |       0 |      29 |   0.0 |  1312
        Lair:4 |       0 |   15455 |   0.0 |       0 |      51 |   0.0 |  1259
        Lair:5 |       0 |    4469 |   0.0 |       0 |      13 |   0.0 |  1187
        Lair:6 |       0 |   26189 |   0.0 |       0 |      63 |   0.0 |  2052
       Swamp:1 |       0 |   11309 |   0.0 |       0 |      29 |   0.0 |   822
       Swamp:2 |       0 |    9950 |   0.0 |       0 |      27 |   0.0 |   846
       Swamp:3 |       0 |   14734 |   0.0 |       0 |      41 |   0.0 |  1276
       Swamp:4 |       0 |   12819 |   0.0 |       0 |      28 |   0.0 |   817
         Orc:1 |       0 |    5950 |   0.0 |       0 |      46 |   0.0 |   663
         Orc:2 |       0 |   18319 |   0.0 |       0 |      74 |   0.0 |  1203
      Depths:1 |       0 |   20669 |   0.0 |       0 |      26 |   0.0 |   322
               +---------+---------+-------+---------+---------+-------+---------
